AoeStats
← vivaelchacho

Highland

506894229Analyzed
4v4 RM · 15d ago on Sep 15, 2026· 18m 29s· 8 players
Game mode
Random Map
Map size
Large (8 player)
Population
200
Speed
Normal
Resources
Standard
Victory
Conquest
Starting age
Dark Age
Ending age
Imperial Age
RankedLock teamsTeams togetherTeam positionsShared explorationLock speedFull tech treeHidden civsTurbo modeCheats
Victory
Defeat
🇦🇷 Saracens · Argentina
1332
+9
🇪🇸 Persians · Spain
1175
+15
🇦🇷 Magyars · Argentina
1131
+17
🇦🇷 Britons · Argentina
1035
+20
🇪🇸 Mongols · Spain
1165
-16
🇷🇺 Persians · Russia
1158
-16
🇫🇷 Franks · France
1154
-15
🇩🇪 Magyars · Germany
1133
-14
Couille de taupe
8:11 Loom
10:14 Feudal Age
11:24 Double-Bit Axe
19:15 Castle Age
Jesulito123
3:15 Loom
11:19 Feudal Age
14:47 Wheelbarrow
16:29 Castle Age
15:37 Double-Bit Axe
16:01 Horse Collar
SuDD3R
7:33 Loom
9:42 Feudal Age
12:19 Double-Bit Axe
15:37 Horse Collar
17:47 Fletching
Pepe
10:25 Feudal Age
11:10 Double-Bit Axe
17:54 Castle Age
aleix2003
3:43 Loom
9:51 Feudal Age
10:20 Double-Bit Axe
11:16 Wheelbarrow
vivaelchacho
6:55 Loom
9:45 Feudal Age
10:32 Double-Bit Axe
11:58 Horse Collar
16:33 Scale Barding Armor
18:30 Bloodlines
pabloi.arijon
7:07 Loom
9:43 Feudal Age
14:25 Fletching
17:12 Padded Archer Armor
Papa Francisco
6:49 Loom
9:16 Feudal Age
9:49 Double-Bit Axe
14:19 Fletching
20:21 Castle Age
Connection lost

Rejoining the realm…

Still unreachable

The connection could not be restored.

Session expired

The server has moved on; the page needs a fresh start.